 Dungeon Crawl Stone Soup version 0.26-a0-540-g8a0c9464d7 (webtiles) character file.

Game seed: 5498814616967103056

17698 Lanoc the Impaler (level 12, -4/97 HPs)
             Began as a Merfolk Gladiator on Aug 24, 2020.
             Was a High Priest of Nemelex Xobeh.
             Slain by a skeletal warrior
             ... wielding a +3 glaive
             ... led by a skeletal warrior
              (24 damage)
             ... on level 13 of the Dungeon.
             The game lasted 00:20:04 (14929 turns).

Lanoc the Impaler (Merfolk Gladiator)              Turns: 14929, Time: 00:20:04

Health: -4/97      AC: 10    Str: 15    XL:     12   Next: 50%
Magic:  28/28      EV: 21    Int:  7    God:    Nemelex Xobeh [*****.]
Gold:   741        SH:  0    Dex: 22    Spells: 11/11 levels left

rFire    . . .     SeeInvis .   a - +0 trident
rCold    . . .     Faith    +   (no shield)
rNeg     . . .     Spirit   .   J - +0 ring mail of Untold Secrets {rPois Dex+2} (curse)
rPois    +         Reflect  .   c - +0 helmet
rElec    .         Harm     .   v - +2 cloak
rCorr    .                      i - +0 pair of gloves
MR       .....                  (no boots)
Stlth    +.........             M - amulet of faith
HPRegen  0.26/turn              C - ring of magical power
MPRegen  0.21/turn              I - ring of flight

@: about to teleport
A: change form in water, swift swim, stealthy swim
a: Draw Escape, Draw Destruction, Draw Summoning, Triple Draw, Deal Four, Stack
Five, Renounce Religion, Evoke Flight


You were on level 13 of the Dungeon.
You worshipped Nemelex Xobeh.
Nemelex Xobeh was extremely pleased with you.
You visited 2 branches of the dungeon, and saw 14 of its levels.

You collected 921 gold pieces.
You spent 180 gold pieces at shops.

Inventory:

Hand Weapons
 a - a +0 trident (weapon)
Missiles
 d - 6 throwing nets (quivered)
Armour
 c - a +0 helmet (worn)
 i - a +0 pair of gloves (worn)
 v - a +2 cloak (worn)
 J - the cursed +0 ring mail of Untold Secrets (worn) {rPois Dex+2}
   (You found it on level 10 of the Dungeon)

   It affects your dexterity (+2).
   It protects you from poison.
   It has a curse placed upon it.
 K - the +3 hat of Pondering {ponderous, MR+ MP+10 Int+5}
   (You took it off Gastronok on level 11 of the Dungeon)

   It affects your intelligence (+5).
   It affects your resistance to hostile enchantments.
   It affects your magic capacity (+10).
Jewellery
 C - a ring of magical power (left hand)
 I - a ring of flight (right hand)
 M - an amulet of faith (around neck)
Wands
 t - a wand of random effects (17)
 y - a wand of flame (19)
 G - a wand of iceblast (16)
Scrolls
 b - 4 scrolls of teleportation
 e - a scroll of enchant armour {unknown}
 h - 5 scrolls of remove curse {unknown}
 j - 4 scrolls of blinking {unknown}
 k - 3 scrolls of immolation {unknown}
 l - 4 scrolls of amnesia {unknown}
 p - 16 scrolls of identify {unknown}
 A - 2 scrolls of magic mapping {unknown}
 B - a scroll of brand weapon {unknown}
 D - a scroll of fog {unknown}
 E - a scroll of noise {unknown}
 F - a scroll of holy word {unknown}
 L - a scroll of torment {unknown}
Potions
 f - 5 potions of haste
 g - a potion of cancellation {unknown}
 m - 4 potions of flight {unknown}
 n - 5 potions of mutation {unknown}
 q - a potion of heal wounds
 r - 2 potions of stabbing {unknown}
 s - 3 potions of lignification {unknown}
 u - a potion of resistance {unknown}
 w - 3 potions of ambrosia {unknown}
 x - a potion of degeneration {unknown}
 z - 5 potions of curing {unknown}
 H - 2 potions of magic {unknown}


   Skills:
 + Level 10.2 Fighting
 * Level 17.3 Polearms
 - Level 2.0 Throwing
 + Level 12.2 Dodging
 + Level 9.7 Invocations


You had 11 spell levels left.
You didn't know any spells.
Your spell library contained the following spells:

 Spells                   Type           Power        Failure   Level
 Animate Skeleton         Necr           #.....       67%         1
 Apportation              Tloc           #.....       67%         1
 Pain                     Necr           #...         67%         1
 Sandblast                Erth           #.....       67%         1
 Shock                    Conj/Air       #...         67%         1
 Passwall                 Tmut/Erth      #.......     80%         2
 Poisonous Vapours        Pois/Air       #.....       80%         2
 Swiftness                Air            #.......     80%         2
 Conjure Flame            Conj/Fire      #.......     95%         3
 Ignite Poison            Fire/Tmut/Pois #.......     95%         3
 Lesser Beckoning         Tloc           #.........   95%         3
 Mephitic Cloud           Conj/Pois/Air  #.......     95%         3
 Static Discharge         Conj/Air       #.......     95%         3
 Stone Arrow              Conj/Erth      #.....       95%         3
 Tukima's Dance           Hex            #.......     95%         3
 Vampiric Draining        Necr           #.........   95%         3
 Airstrike                Air            #.........   100%        4
 Animate Dead             Necr           #.........   100%        4
 Petrify                  Tmut/Erth      #.......     100%        4
 Agony                    Necr           #.......     100%        5
 Alistair's Intoxication  Tmut/Pois      #........    100%        5
 Fireball                 Conj/Fire      #.........   100%        5
 Lee's Rapid Deconstruct  Erth           #.........   100%        5
 Lightning Bolt           Conj/Air       #.........   100%        5
 Freezing Cloud           Conj/Ice/Air   #.........   100%        6
 Invisibility             Hex            #.......     100%        6
 Starburst                Conj/Fire      #.........   100%        6
 Ignition                 Fire           #.........   100%        8


Dungeon Overview and Level Annotations

Branches:
Dungeon (13/15)            Temple (1/1) D:4            Lair (0/6) D:8
    Orc (0/2) D:12
 Vaults: D:13-14

Altars:
Cheibriados
Dithmenos
Elyvilon
Fedhas
Gozag
Hepliaklqana
Makhleb
Nemelex Xobeh
Okawaru
Qazlal
Ru
Trog
Vehumet
Wu Jian
Xom
Yredelemnul
Zin
The Shining One
Beogh

Shops:
D:4 [   D:5 =   D:8 *

Annotations:
D:7 1 transporter
D:8 1 runed translucent door


Message History

You feel much better.
Lanoc's illusion hits the skeletal warrior but does no damage.
The skeletal warrior completely misses you.
You draw a card...
You have drawn the Orb.
Press: ? - help, Shift-Dir - straight line, f - skeletal warrior
Aim: a skeletal warrior, wielding a +3 glaive Your orb of destruction hits a rock wall. x2
The wavering orb of destruction hits Lanoc's illusion!!!
Lanoc's illusion is heavily wounded.
Lanoc's illusion shimmers and vanishes!
Your orb of destruction hits a rock wall.
You draw a card...
You have drawn Foxfire.
The skeletal warrior closely misses you.
As you read the scroll of teleportation, it crumbles to dust.
You feel strangely unstable.
Your orb of destruction hits a rock wall.
The skeletal warrior hits you from afar with a +3 glaive!!
You die...
Your body glows with a rainbow of weird colours and disappears.

#############
#...........# ##########
#...........#
#....○○@v###...........#
#..°○v°z○v.#...........#
#..○..zz.#.#..)........#
##.○...°..#.#...........#
.'.☼...○..#['<..........#
##..*)).°.###...........#
#......☼○# #..........<#
#........# #.....>.....#
#######'## ##########.##


You could see 3 skeletal warriors, an insubstantial wisp (summoned) and 2
friendly insubstantial wisps.

Vanquished Creatures
  Gastronok (D:11)
  A centaur warrior (D:11)
  2 two-headed ogres (D:9)
  An ugly thing (D:13)
  A shining eye (D:13)
  A cyclops (D:12)
  A manticore (D:12)
  2 centaur skeletons
  A kobold demonologist (D:12)
  2 trolls (D:11)
  Prince Ribbit (D:7)
  A hornet (D:9)
  3 slime creatures (D:12)
  6 hippogriffs
  A vampire (D:11)
  14 yaks
  A human (D:11)
  Grum (D:9)
  A steam dragon (D:11)
  2 orc warriors
  2 black bears
  A sky beast (D:11)
  3 ice beasts
  4 ogres
  A necrophage (D:12)
  2 phantoms (D:9)
  3 wolves (D:9)
  3 centaurs
  2 big kobolds
  2 bullfrogs
  A scorpion (D:11)
  4 jellies
  5 wights
  4 howler monkeys
  5 centaur zombies
  A bullfrog zombie (D:8)
  3 orc priests
  3 bullfrog skeletons
  A quasit (D:7)
  6 hounds
  An iguana (D:7)
  Natasha (D:4)
  13 orc wizards
  8 worker ants
  2 hound skeletons
  A worker ant zombie (D:11)
  A howler monkey zombie (D:9)
  7 gnolls (D:4)
  A howler monkey skeleton (D:5)
  6 adders
  4 shadow imps
  2 white imps
  A worker ant simulacrum (D:11)
  5 ufetubi
  5 oozes
  3 adder skeletons
  2 worms
  A dart slug (D:1)
  5 leopard geckos
  26 orcs
  5 bats
  5 giant cockroaches
  35 hobgoblins
  8 jackals
  15 kobolds
  3 quokkas
  A ball python (D:3)
  3 frilled lizards
  28 goblins
  A jackal skeleton (D:8)
  A leopard gecko skeleton (D:7)
  A quokka skeleton (D:6)
  2 rats (D:3)
303 creatures vanquished.

Vanquished Creatures (collateral kills)
  A skeletal warrior (D:13)
  An unseen horror (D:11)
  An ugly thing (D:12)
  A centaur zombie (D:12)
  A kobold demonologist (D:12)
  A troll (D:12)
  A hippogriff (D:8)
  4 slime creatures (D:12)
  8 yaks
  2 basilisks (D:8)
  A human (D:13)
  Duvessa (D:7)
  3 orc warriors (D:12)
  A big kobold (D:12)
  A bullfrog (D:9)
  Dowan (D:7)
  4 wights (D:12)
  4 orc priests
  A hound skeleton (D:9)
  8 orcs (D:12)
  A giant cockroach (D:8)
47 creatures vanquished.

Vanquished Creatures (others)
  An orc wizard (D:12)
  An orc (D:12)
  A fungus (D:8)
3 creatures vanquished.

Grand Total: 353 creatures vanquished

Notes
Turn   | Place    | Note
-------+----------+-------------------------------------------
     0 | D:1      | Lanoc the Merfolk Gladiator began the quest for the Orb.
     0 | D:1      | Reached XP level 1. HP: 16/16 MP: 1/1
    41 | D:1      | Reached XP level 2. HP: 11/23 MP: 2/2
   332 | D:2      | Reached skill level 5 in Polearms
   580 | D:2      | Reached XP level 3. HP: 28/28 MP: 3/3
   716 | D:3      | Found a sparkling altar of Nemelex Xobeh.
   804 | D:3      | Became a worshipper of Nemelex Xobeh the Trickster
   947 | D:3      | Reached XP level 4. HP: 33/35 MP: 4/4
  1024 | D:3      | Received a gift from Nemelex Xobeh
  1450 | D:3      | Reached * piety under Nemelex Xobeh
  1558 | D:3      | Found an opulent altar of Gozag.
  1783 | D:4      | Reached skill level 6 in Polearms
  1969 | D:4      | Reached skill level 1 in Invocations
  2077 | D:4      | Reached skill level 5 in Dodging
  2207 | D:4      | Reached XP level 5. HP: 41/41 MP: 5/5
  2660 | D:4      | Found Dygat's Antique Armour Shop.
  2675 | D:4      | Received a gift from Nemelex Xobeh
  2929 | D:4      | Reached XP level 6. HP: 47/47 MP: 7/7
  3033 | D:4      | Reached skill level 7 in Polearms
  3496 | D:4      | Found a staircase to the Ecumenical Temple.
  3501 | D:4      | Received a gift from Nemelex Xobeh
  3510 | Temple   | Entered the Ecumenical Temple
  3701 | D:4      | Reached ** piety under Nemelex Xobeh
  3823 | D:4      | Noticed Natasha
  3829 | D:4      | Killed Natasha
  4197 | D:5      | Entered Level 5 of the Dungeon
  4253 | D:5      | Received a gift from Nemelex Xobeh
  4270 | D:5      | Found a shadowy altar of Dithmenos.
  4292 | D:5      | Reached XP level 7. HP: 51/54 MP: 6/9
  4364 | D:5      | Reached skill level 8 in Polearms
  4521 | D:5      | Found Jom Dunk's Jewellery Emporium.
  5196 | D:6      | Noticed a hippogriff
  5210 | D:6      | Killed a hippogriff
  5210 | D:6      | Reached skill level 9 in Polearms
  5210 | D:6      | Reached XP level 8. HP: 35/61 MP: 4/10
  5467 | D:6      | Reached skill level 5 in Fighting
  5486 | D:6      | Got an encrusted leather armour
  5497 | D:6      | Identified the +0 leather armour of the Harvest Moon {rPois
                  | rCorr} (You found it on level 6 of the Dungeon)
  5628 | D:6      | Received a gift from Nemelex Xobeh
  5742 | D:6      | Reached skill level 10 in Polearms
  5907 | D:7      | Reached *** piety under Nemelex Xobeh
  5912 | D:7      | Received a gift from Nemelex Xobeh
  5965 | D:7      | Noticed Duvessa
  5968 | D:7      | Noticed Dowan
  5981 | D:7      | Killed Dowan
  5987 | D:7      | Killed Duvessa
  6547 | D:7      | Noticed Prince Ribbit
  6568 | D:7      | Killed Prince Ribbit
  6568 | D:7      | Reached XP level 9. HP: 33/69 MP: 11/12
  6781 | D:7      | Reached skill level 11 in Polearms
  6781 | D:7      | Reached skill level 5 in Invocations
  7030 | D:7      | Found a sparkling altar of Nemelex Xobeh.
  7031 | D:7      | Found a transporter.
  7031 | D:7      | Noticed a centaur warrior
  7315 | D:8      | Found a staircase to the Lair.
  7710 | D:8      | Received a gift from Nemelex Xobeh
  7727 | D:8      | Reached skill level 12 in Polearms
  8214 | D:8      | Found Gipraf's General Store.
  8222 | D:8      | Bought a scroll of teleportation for 30 gold pieces
  8222 | D:8      | Bought a potion of heal wounds for 50 gold pieces
  8222 | D:8      | Bought a potion of haste for 100 gold pieces
  8292 | D:8      | Found an iron altar of Okawaru.
  8302 | D:8      | Found a runed translucent door.
  8302 | D:8      | Noticed a sixfirhy
  8385 | D:8      | Reached **** piety under Nemelex Xobeh
  8632 | D:9      | Noticed a two-headed ogre
  8649 | D:9      | Killed a two-headed ogre
  8649 | D:9      | Reached skill level 13 in Polearms
  8649 | D:9      | Reached XP level 10. HP: 79/79 MP: 14/14
  8668 | D:9      | Received a gift from Nemelex Xobeh
  8706 | D:9      | Found a glowing silver altar of Zin.
  8830 | D:9      | Found a sacrificial altar of Ru.
  8830 | D:9      | Found a glowing silver altar of Zin.
  8888 | D:9      | Noticed Grum
  8913 | D:9      | Killed Grum
  9008 | D:9      | Found an ornate altar of the Wu Jian Council.
  9009 | D:9      | Found a blossoming altar of Fedhas.
  9010 | D:9      | Found a white marble altar of Elyvilon.
  9011 | D:9      | Found a burning altar of Makhleb.
  9012 | D:9      | Found a basalt altar of Yredelemnul.
  9401 | D:9      | Reached skill level 14 in Polearms
  9401 | D:9      | Reached skill level 10 in Dodging
  9566 | D:9      | Noticed a two-headed ogre
  9573 | D:9      | Killed a two-headed ogre
  9911 | D:9      | Found a hide-covered altar of Uskayaw.
  9911 | D:9      | Found a snail-covered altar of Cheibriados.
  9913 | D:9      | Found a burning altar of Makhleb.
  9913 | D:9      | Found a glowing golden altar of the Shining One.
  9913 | D:9      | Found a shimmering altar of Xom.
 10003 | D:9      | Received a gift from Nemelex Xobeh
 10019 | D:9      | Reached XP level 11. HP: 84/87 MP: 16/16
 10315 | D:10     | Entered Level 10 of the Dungeon
 10317 | D:10     | Identified the -2 quarterstaff of Sulphur {vorpal, *Rage
                  | +Blink Dex+3 Stlth+}
 10350 | D:10     | Reached skill level 15 in Polearms
 10808 | D:10     | Received a gift from Nemelex Xobeh
 10819 | D:10     | Got an encrusted ring mail
 10830 | D:10     | Identified the cursed +0 ring mail of Untold Secrets {rPois
                  | Dex+2} (You found it on level 10 of the Dungeon)
 11244 | D:11     | Noticed Gastronok
 11352 | D:11     | Killed an unseen horror
 11371 | D:11     | Killed Gastronok
 11501 | D:11     | Reached ***** piety under Nemelex Xobeh
 11514 | D:11     | Noticed a soul eater
 11545 | D:11     | Noticed a centaur warrior
 11562 | D:11     | Killed a centaur warrior
 11913 | D:11     | Reached skill level 16 in Polearms
 12563 | D:11     | Received a gift from Nemelex Xobeh
 13044 | D:12     | Found a staircase to the Orcish Mines.
 13084 | D:12     | Reached XP level 12. HP: 94/97 MP: 18/18
 13217 | D:12     | Received a gift from Nemelex Xobeh
 13763 | D:12     | Found a roughly hewn altar of Beogh.
 13791 | D:12     | Reached skill level 10 in Fighting
 13918 | D:12     | Reached skill level 17 in Polearms
 14204 | D:12     | Received a gift from Nemelex Xobeh
 14820 | D:13     | Noticed a two-headed ogre
 14823 | D:13     | a two-headed ogre changed into a shining eye
 14834 | D:13     | Received a gift from Nemelex Xobeh
 14924 | D:13     | HP: 4/97 [skeletal warrior/+0 scimitar (10)]
 14929 | D:13     | Slain by a skeletal warrior

Illustrated notes

Levels and vault maps discovered:
D:1:      scummos_arrival_checkerplants, layout_rooms, corexii_corridor_pit
D:2:      layout_loops_ring, lemuel_doored_altar, dancing_weapons_uskayaw
D:3:      layout_basic, nicolae_gozag_cash_rules_everything_around_me,
          nemelex_dance_club_becter
D:4:      minmay_goblin_kobold_castle, layout_basic, minmay_temple_entry_glass,
          serial_shops, shop, corexii_shack, uniq_natasha
D:5:      layout_basic, basic_altar, serial_shops, shop, amethyst_killhole,
          chequers_serial_rivers_large_b
D:6:      layout_basic
D:7:      layout_loops_corners, grunt_nemelex_the_gamble, uniq_duvessa,
          uniq_prince_ribbit1
D:8:      cheibrodos_shockbox, layout_basic, kennysheep_mini,
          david_lair_generic, serial_shops, shop
D:9:      layout_roguey, grunt_temple_overflow_open, doesnt_xom_only_xom,
          minmay_strange_pillars, uniq_grum
D:10:     layout_rooms, minivault_1
D:11:     minmay_ornate_pinched, layout_cave_pods, uniq_gastronok
D:12:     layout_irregular_city, minmay_orc_entry_temple_small
D:13:     layout_roguey, ximxim_vaults_locker_room
Temple:   eino_temple_lava

Skill      XL: |  1  2  3  4  5  6  7  8  9 10 11 12 |
---------------+-------------------------------------+-----
Polearms       | 5 6 7 9 10 13 14 16 17 | 17.3
Fighting       | 3 4 5 7 8 9 10 | 10.2
Invocations    | 1 2 3 4 6 7 9 |  9.7
Dodging        | 5 6 7 9 10 11 12 | 12.2
Throwing       | |  2.0

Action                   |  1- 3 |  4- 6 |  7- 9 | 10-12 || total
-------------------------+-------+-------+-------+-------++-------
Melee: Trident           |   126 |   307 |   365 |   901 ||  1699
       Tailslap          |       |     6 |       |       ||     6
Invok: Draw Destruction  |       |       |    16 |    12 ||    28
       Draw Summoning    |       |       |     3 |    13 ||    16
       Draw Escape       |       |       |       |     1 ||     1
  Use: Potion            |       |       |       |     2 ||     2
       Scroll            |       |       |       |     1 ||     1
 Stab: Sleeping          |     2 |     1 |     2 |     1 ||     6
       Distracted        |       |       |     2 |     6 ||     8
       Petrified         |       |       |       |     4 ||     4
Armor: Leather armour    |    30 |    42 |    74 |    16 ||   162
       Ring mail         |       |       |       |    81 ||    81
Dodge: Dodged            |    81 |   205 |   264 |   448 ||   998

Table legend: (Time is in decaauts)
 A = Elapsed time spent in this place.
 B = Non-inter-level travel time spent in this place.
 C = Inter-level travel time spent in this place.
 D = Time resting spent in this place.
 E = Time spent auto-exploring this place.
 F = Levels seen in this place.
 G = Mean time per level.
                   A        B        C        D        E       F      G
               +--------+--------+--------+--------+--------+-----+--------+
         Total |  14390 |  14026 |    364 |    406 |  11177 |  14 | 1027.9 |
       Dungeon |  14389 |  14025 |    364 |    406 |  11177 |  13 | 1106.8 |
        Temple |      1 |      1 |      0 |      0 |      0 |   1 |    1.0 |
               +--------+--------+--------+--------+--------+-----+--------+

Top non-repeatable levels by time:
     D:4: 2402 daAuts
    D:11: 1647 daAuts
    D:12: 1624 daAuts
     D:9: 1589 daAuts
     D:7: 1368 daAuts
     D:8: 1351 daAuts
     D:3: 1058 daAuts
    D:10: 936 daAuts
     D:5: 917 daAuts
     D:6: 688 daAuts
     D:2: 379 daAuts
     D:1: 278 daAuts
    D:13: 145 daAuts
  Temple: 1 daAuts
